 Dungeon Crawl Stone Soup version 0.21-a0-401-g0b6bec4 (webtiles) character file.

147486 theanonym the Eclecticist (level 16, -7/107 HPs)
             Began as a Purple Draconian Conjurer on Oct 20, 2017.
             Was a High Priest of Vehumet.
             Mangled by Aizul (40 damage)
             ... on level 2 of the Snake Pit on Oct 21, 2017.
             The game lasted 02:56:59 (45723 turns).

theanonym the Eclecticist (DrCj)                   Turns: 45723, Time: 02:57:00

Health: -7/107     AC: 18    Str: 11    XL:     16   Next: 92%
Magic:  24/55      EV: 12    Int: 21    God:    Vehumet [*****.]
Gold:   2134       SH:  0    Dex: 13    Spells: 10/49 levels left

rFire    . . .     SeeInvis .   e - staff of wizardry
rCold    . . .     Gourm    .   a - +0 shield {reflect} {Donald}
rNeg     . . .     Faith    .   (armour unavailable)
rPois    .         Spirit   .   v - +2 hat
rElec    .         Reflect  +   i - +2 cloak
rCorr    .         Harm     .   B - +2 pair of gloves
MR       ++...                  U - +0 pair of boots
Stlth    ++........             A - amulet of regeneration
HPRegen  0.67/turn              k - ring of magical power
MPRegen  0.34/turn              h - ring of magical power

@: lethally poisoned (-7 -> -17), sleeping, very slightly contaminated
A: breathe power, unfitting armour, frail 2, cold-blooded, subdued magic 1,
MP-powered wands, AC +9
a: Breathe Dispelling Energy, Renounce Religion


You were on level 2 of the Snake Pit.
You worshipped Vehumet.
Vehumet was extremely pleased with you.
You were not hungry.

You visited 5 branches of the dungeon, and saw 26 of its levels.
You also visited: Labyrinth and Ossuary.

You collected 2661 gold pieces.
You spent 527 gold pieces at shops.

Inventory:

Missiles
 O - 2 tomahawks of dispersal (quivered)
Armour
 a - a +0 shield of reflection (worn) {Donald}
   (You took it off Donald on level 2 of the Orcish Mines)
 i - a +2 cloak (worn)
   (You took it off Crazy Yiuf on level 2 of the Dungeon)
 v - a +2 hat (worn)
   (You found it on level 3 of the Dungeon)
 B - a +2 pair of gloves (worn)
   (You found it on level 1 of the Snake Pit)
 U - a +0 pair of boots (worn)
   (You found it on level 8 of the Dungeon)
Magical Staves
 e - an uncursed staff of wizardry (weapon)
   (You found it on level 6 of the Lair of Beasts)
Jewellery
 h - a ring of magical power (right hand)
   (You found it on level 6 of the Lair of Beasts)
 k - a ring of magical power (left hand)
   (You found it on level 4 of the Dungeon)
 q - an uncursed ring of positive energy
   (You found it on level 1 of the Dungeon)
 s - an uncursed ring of fire
   (You found it on level 3 of the Dungeon)
 A - an amulet of regeneration (around neck)
   (You found it on level 4 of the Dungeon)
Wands
 d - a wand of paralysis (17/24)
   (You found it on level 2 of the Snake Pit)
 j - a wand of polymorph (7/24)
   (You took it off a crimson imp on level 5 of the Dungeon)
 C - a wand of enslavement (10/24)
   (You found it on level 3 of the Lair of Beasts)
Scrolls
 l - 16 scrolls of remove curse
 o - 6 scrolls of fog {!r}
 r - 6 scrolls of identify
 w - a scroll of summoning {unknown}
 y - 8 scrolls of teleportation
 E - 4 scrolls of magic mapping
 G - 5 scrolls of fear {!r}
 I - 3 scrolls of blinking
 Q - a scroll of acquirement {unknown}
 R - a scroll of holy word {unknown}
 S - 2 scrolls of recharging {unknown}
 T - a scroll of silence {unknown}
Potions
 b - 2 potions of might
 m - 6 potions of curing
 n - 6 potions of flight
 p - 4 potions of cancellation
 t - a potion of magic
 u - 6 potions of haste
 D - 2 potions of heal wounds
 H - a potion of brilliance
 K - 2 potions of invisibility
 N - 6 potions of agility
 Y - 2 potions of resistance
Books
 c - a book of Misfortune
   (You found it on level 7 of the Dungeon)

   Spells                             Type                      Level
   a - Confusing Touch                Hexes                        1
   b - Confuse                        Hexes                        3
   c - Gell's Gravitas                Translocation                3
   d - Petrify                        Transmutation/Earth          4
   e - Metabolic Englaciation         Hexes/Ice                    5
   f - Yara's Violent Unravelling     Hexes/Transmutation          5
 f - Naxiut's Grimoire of the Traveller
   (You found it in a labyrinth)

   Spells                             Type                      Level
   a - Portal Projectile              Hexes/Translocation          3
   b - Recall                         Summoning/Translocation      3
   c - Force Lance                    Conjuration/Translocation    4
   d - Passage of Golubria            Translocation                4
   e - Controlled Blink               Translocation                8
 x - a book of Power
   (You found it in a labyrinth)

   Spells                             Type                      Level
   a - Iskenderun's Battlesphere      Conjuration/Charms           5
   b - Venom Bolt                     Conjuration/Poison           5
   c - Bolt of Magma                  Conjuration/Fire/Earth       5
   d - Iron Shot                      Conjuration/Earth            6
   e - Orb of Destruction             Conjuration                  7
   f - Spellforged Servitor           Conjuration/Summoning        7
 P - a book of Party Tricks
   (You found it on level 6 of the Lair of Beasts)

   Spells                             Type                      Level
   a - Summon Butterflies             Summoning                    1
   b - Apportation                    Translocation                1
   c - Lesser Beckoning               Translocation                3
   d - Tukima's Dance                 Hexes                        3
   e - Alistair's Intoxication        Transmutation/Poison         5
   f - Invisibility                   Hexes                        6
 Z - a book of Debilitation
   (You found it on level 12 of the Dungeon)

   Spells                             Type                      Level
   a - Corona                         Hexes                        1
   b - Slow                           Hexes                        2
   c - Inner Flame                    Hexes/Fire                   3
   d - Portal Projectile              Hexes/Translocation          3
   e - Cause Fear                     Hexes                        4
   f - Leda's Liquefaction            Hexes/Earth                  4
Miscellaneous
 F - a fan of gales
   (You found it on level 14 of the Dungeon)
Comestibles
 z - 11 royal jellies
 M - 6 meat rations


   Skills:
 - Level 10.1 Fighting
 - Level 3.0 Dodging
 - Level 1.7 Stealth
 + Level 12.0 Shields
 + Level 17.3 Spellcasting
 + Level 16.4 Conjurations
 - Level 11.4 Hexes
 + Level 7.3 Translocations


You had 10 spell levels left.
You knew the following spells:

 Your Spells              Type           Power        Failure   Level  Hunger
a - Invisibility          Hex            ######..     1%          6    ####...
b - Iskenderun's Battles  Conj/Chrm      #####...     1%          5    ##.....
c - Iskenderun's Mystic   Conj           ######..     0%          4    None
d - Fulminant Prism       Conj/Hex       ######....   1%          4    None
e - Dazzling Spray        Conj/Hex       ######       0%          3    None
f - Blink                 Tloc           N/A          1%          2    None
g - Force Lance           Conj/Tloc      ######..     1%          4    None
h - Cause Fear            Hex            ######....   1%          4    None
i - Orb of Destruction    Conj           ######....   1%          7    ######.


Dungeon Overview and Level Annotations

Branches:
Dungeon (15/15)            Temple (1/1) D:5            Lair (6/6) D:9
 Shoals (0/4) Lair:3        Snake (2/4) Lair:2        Slime (0/5) Lair:6
    Orc (2/2) D:10            Elf (0/3) Orc:2        Vaults (0/5) D:14
 Depths (0/5) D:15

Altars:
Ashenzari
Cheibriados
Dithmenos
Elyvilon
Fedhas
Gozag
Hepliaklqana
Kikubaaqudgha
Makhleb
Nemelex Xobeh
Okawaru
Qazlal
Ru
Sif Muna
Uskayaw
Vehumet
Wu Jian
Xom
Yredelemnul
The Shining One
Beogh
Jiyva

Shops:
D:8 :   Orc:2 ??[[   Snake:2 }

Portals:
Hell: Lair:6

Annotations:
Lair:6 1 runed door
Snake:2 Aizul


Innate Abilities, Weirdness & Mutations

You can breathe bolts of dispelling energy.
Your rich purple scales are hard. (AC +9)
You cannot fit into any form of body armour.
You are cold-blooded and may be slowed by cold attacks.
You are very frail. (-20% HP)
Your spells are a little easier to cast, but a little less powerful.
You expend magic power (3 MP) to strengthen your wands.


Message History

* * * LOW MAGIC WARNING * * *
Your battlesphere fires!
The barrage of energy hits Aizul.
Aizul hits you!
* * * LOW HITPOINT WARNING * * *
You take 15 damage, and have 44/107 hp.
You now have 19/55 mp.
You blink.
* * * LOW MAGIC WARNING * * *
You feel sick.
You take 1 damage, and have 43/107 hp.
You now have 17/55 mp.
Aim: Aizul (heavily wounded)
The orb of energy misses Aizul.
* * * LOW MAGIC WARNING * * *
Your battlesphere fires!
The barrage of energy hits Aizul.
Your battlesphere expends the last of its energy and dissipates.
Aizul hits you!
* * * LOW HITPOINT WARNING * * *
You take 13 damage, and have 30/107 hp.
You now have 13/55 mp.
Unknown command.
You blink.
* * * LOW MAGIC WARNING * * *
You feel sick. You block Aizul's attack.
You now have 12/55 mp.
You blink.
* * * LOW MAGIC WARNING * * *
You feel sick.
You take 1 damage, and have 29/107 hp.
You now have 10/55 mp.
You feel much better.
You regained 28 hp, and now have 58/107 hp.
You feel sick.
You take 1 damage, and have 57/107 hp.
Aim: Aizul (heavily wounded)
* * * LOW MAGIC WARNING * * *
You feel sick.
The wavering orb of destruction hits Aizul.
Aizul casts a spell at you. The bolt of poison hits you!
You are more poisoned.
* * * LOW HITPOINT WARNING * * *
You take 10 damage, and have 48/107 hp.
You now have 5/55 mp.
Unknown command.
Aim: Aizul (almost dead)
The orb of energy misses Aizul.
The orb of energy explodes!
* * * LOW MAGIC WARNING * * *
You feel sick. Aizul casts a spell at you. You resist with some effort.
You take 1 damage, and have 47/107 hp.
You now have 1/55 mp.
You feel sick. Aizul casts a spell at you. You resist with some effort.
You take 1 damage, and have 46/107 hp.
You feel sick.
You feel sick.
Aizul coils herself and waves her upper body at you.
The bolt of poison hits you!
You are more poisoned.
* * * LOW HITPOINT WARNING * * *
You take 28 damage, and have 18/107 hp.
MASSIVE DAMAGE!!
You blink.
* * * LOW MAGIC WARNING * * *
You feel sick.
Aizul coils herself and waves her upper body at you.
The bolt of poison hits you!
You are lethally poisoned!
* * * LOW HITPOINT WARNING * * *
You take 9 damage, and have 9/107 hp.
You now have 0/55 mp.
You feel much better.
* * * LOW HITPOINT WARNING * * *
You feel very sick.
You regained 20 hp, and now have 29/107 hp.
You feel better. Aizul casts a spell at you. You resist with some effort.
You regained 5 hp, and now have 34/107 hp.
Okay, then.
Aizul coils herself and waves her upper body at you.
The bolt of poison hits you!
You are poisoned.
* * * LOW HITPOINT WARNING * * *
Aizul coils herself and waves her upper body at you.
The poison arrow hits you!
You are more poisoned.
* * * LOW HITPOINT WARNING * * *
You take 18 damage, and have 16/107 hp.
Magic courses through your body.
* * * LOW HITPOINT WARNING * * *
You feel very sick.
You take 2 damage, and have 14/107 hp.
You regained 22 mp, and now have 23/55 mp.
You feel much better.
You feel very sick.
Aizul coils herself and waves her upper body at you.
The poison arrow misses you. Aizul casts a spell at you.
You fall asleep.
You feel sick. x2
Aizul hits you!!!
You die...

#......# ##[.###
#...(... #.###..#
##.## #..####.
##..#..#######.##
.### #..
#..#..##........
#...
##....#.........
....
#..%..#........
..
#.###..........
.#. #..S.......
## . #.@.......
## ##########


You could see Aizul.

Vanquished Creatures
  The ghost of Kite the Warrior, an adept MiBe of Trog (Snake:1)
  A nagaraja (Snake:2)
  Donald (Orc:2)
  2 stone giants
  The ghost of Spoonicorn the Severer, a journeyman MiBe of Trog (Lair:4)
  Nessos (Lair:4)
  A dire elephant (Lair:6)
  Snorg (Lair:4)
  A minotaur (Lab)
  Josephine (Lair:4)
  A yaktaur captain (D:15)
  Erolcha (D:11)
  A rakshasa (D:15)
  2 naga warriors (Snake:1)
  2 catoblepae
  8 hydras
  3 centaur warriors
  8 two-headed ogres
  3 death yaks (Lair:6)
  7 anacondas
  A queen ant (Lair:2)
  A tengu warrior (D:13)
  9 shock serpents
  3 naga sharpshooters
  Sonja (D:14)
  A sixfirhy (Lair:6)
  3 unseen horrors
  2 lindwurms (Lair:6)
  A naga ritualist (Snake:1)
  9 orc knights
  A wizard (Lair:6)
  19 ugly things
  An oklob plant (Lair:1)
  3 mana vipers
  3 deep elf magi
  A wolf spider (D:14)
  2 manticores
  3 salamanders
  3 orc sorcerers (Orc:2)
  3 cyclopes
  Joseph (D:7)
  A guardian serpent (shapeshifter) (D:15)
  2 guardian serpents
  7 naga magi
  23 black mambas
  A torpor snail (Lair:4)
  6 spiny frogs
  A smoke demon (Lair:6)
  3 gargoyles
  5 rime drakes
  2 orange demons (Lair:6)
  A rime drake (shapeshifter) (D:15)
  7 komodo dragons
  3 ice devils (Lair:6)
  A freezing wraith (D:14)
  An efreet (D:13)
  A tengu conjurer (D:13)
  The ghost of Kavrick the Reanimator, a novice DENe (D:6)
  A harpy zombie (D:15)
  A red devil (Lair:6)
  7 trolls
  5 polar bears (Lair:6)
  17 blink frogs
  13 slime creatures
  A dream sheep (shapeshifter) (D:14)
  11 hippogriffs
  A meliai zombie (D:14)
  Sigmund (D:2)
  A human (D:7)
  45 yaks
  8 wraiths
  4 hogs (D:7)
  2 wyverns
  2 hungry ghosts
  2 vampire mosquitoes (D:14)
  3 basilisks
  10 wargs
  3 acid dragons
  19 nagas
  6 hell hounds
  5 soldier ants (Lair:2)
  8 water moccasins
  3 sky beasts
  8 porcupines
  42 orc warriors
  2 black bears (D:12)
  2 eyes of draining
  2 necrophages
  14 ogres
  5 ice beasts
  11 centaurs
  9 wolves
  3 big kobolds
  20 crocodiles
  20 bullfrogs
  A wyvern zombie (D:12)
  A wyvern skeleton (D:11)
  11 scorpions
  4 killer bees (D:8)
  13 wights
  4 howler monkeys
  12 crimson imps
  A quasit (D:6)
  3 centaur zombies
  2 jellies
  11 orc priests
  8 hounds
  2 human zombies (Ossuary)
  17 orc wizards
  Crazy Yiuf (D:2)
  3 bullfrog skeletons
  2 centaur skeletons
  5 iguanas
  26 worker ants
  A killer bee zombie (D:10)
  3 big kobold zombies (Ossuary)
  A hound zombie (D:7)
  4 mummies
  A worker ant zombie (D:5)
  10 gnolls
  14 adders
  2 scorpion zombies (Ossuary)
  A howler monkey skeleton (D:6)
  3 shadow imps
  3 oozes
  2 adder zombies (D:7)
  An adder skeleton (D:6)
  4 worms
  6 leopard geckos
  98 orcs
  4 ball pythons
  8 giant cockroaches
  3 gnoll zombies (Ossuary)
  10 goblins
  5 hobgoblins
  10 jackals
  19 kobolds
  8 quokkas
  A ball python zombie (D:5)
  13 bats
  3 goblin zombies
  2 hobgoblin zombies (Ossuary)
  A jackal skeleton (D:5)
  2 kobold zombies (Ossuary)
  2 orc zombies
  10 rats
  3 fulminant prisms
  2 fungi (Lair:6)
  3 plants
891 creatures vanquished.

Vanquished Creatures (others)
  A centaur warrior (D:15)
  A naga sharpshooter (Snake:1)
  A centaur (D:9)
  A scorpion (Ossuary)
  An orc wizard (D:9)
  A worker ant (D:9)
  An adder (D:6)
  A shadow imp (D:6)
  3 orcs (D:6)
  A goblin zombie (Ossuary)
  58 fulminant prisms
  25 fungi
  8 plants
103 creatures vanquished.

Grand Total: 994 creatures vanquished

Notes
Turn   | Place    | Note
-------+----------+-------------------------------------------
     0 | D:1      | theanonym the Draconian Conjurer began the quest for the Orb.
     0 | D:1      | Reached XP level 1. HP: 14/14 MP: 3/3
   435 | D:1      | Reached skill level 1 in Fighting
   435 | D:1      | Reached XP level 2. HP: 10/23 MP: 3/5
   698 | D:1      | Learned a level 2 spell: Searing Ray
  1266 | D:1      | Reached XP level 3. HP: 11/28 MP: 2/6
  2204 | D:2      | Reached skill level 2 in Fighting
  2575 | D:2      | theanonym: ??searing ray
  2575 | D:2      | beem: searing ray[1/2]: Level 2 conjuration spell in the book of Conjurations that fires a weak medium-range ray. After firing the first ray, waiting (with . or s) will fire 3 more successively stronger beams at the same place, costing 1 MP each. The final beam is penetrating. Damage starts below that of Throw Frost/Flame and ends above.
  2957 | D:2      | Noticed Sigmund
  2973 | D:2      | HP: 1/29 [something/puff of flame (8)]
  2992 | D:2      | Killed Sigmund
  2992 | D:2      | Reached skill level 3 in Fighting
  2992 | D:2      | Reached skill level 3 in Spellcasting
  2992 | D:2      | Reached skill level 5 in Conjurations
  2992 | D:2      | Reached XP level 4. HP: 20/38 MP: 2/9
  2992 | D:2      | Reached XP level 5. HP: 24/45 MP: 2/10
  3879 | D:2      | Found a runed door.
  3883 | D:2      | Noticed Crazy Yiuf
  3886 | D:2      | Killed Crazy Yiuf
  4141 | D:3      | Reached XP level 6. HP: 32/51 MP: 1/11
  4697 | D:3      | Found a glowing golden altar of the Shining One.
  4836 | D:3      | Reached skill level 4 in Fighting
  4836 | D:3      | Reached skill level 4 in Spellcasting
  4920 | D:3      | Learned a level 4 spell: Iskenderun's Mystic Blast
  5447 | D:4      | Your scales start taking on a rich purple colour.
  5447 | D:4      | Reached skill level 5 in Spellcasting
  5447 | D:4      | Reached XP level 7. HP: 24/60 MP: 1/14
  5748 | D:3      | Learned a level 4 spell: Fulminant Prism
  5894 | D:4      | Reached skill level 6 in Conjurations
  5982 | D:4      | Reached skill level 2 in Dodging
  6118 | D:4      | Reached skill level 1 in Hexes
  6276 | D:5      | Entered Level 5 of the Dungeon
  6348 | D:5      | Found a sand-covered staircase.
  6369 | Ossuary  | Entered an ossuary
  6438 | Ossuary  | Reached skill level 5 in Fighting
  6453 | Ossuary  | Reached skill level 2 in Hexes
  6614 | Ossuary  | Reached XP level 8. HP: 66/68 MP: 16/16
  6635 | Ossuary  | Reached skill level 6 in Spellcasting
  6893 | Ossuary  | Reached skill level 3 in Dodging
  7053 | Ossuary  | Reached skill level 3 in Hexes
  7344 | D:5      | Reached skill level 7 in Conjurations
  7373 | D:5      | Found a staircase to the Ecumenical Temple.
  7382 | Temple   | Entered the Ecumenical Temple
  7452 | Temple   | Became a worshipper of Vehumet
  7472 | D:5      | Reached skill level 6 in Fighting
  7888 | D:5      | You fall through a shaft!
  7911 | D:6      | Reached skill level 4 in Hexes
  8130 | D:6      | Reached skill level 7 in Spellcasting
  8134 | D:6      | Reached XP level 9. HP: 47/78 MP: 10/19
  8136 | D:6      | Noticed Kavrick's ghost (novice DENe)
  8139 | D:6      | Killed Kavrick's ghost
  8139 | D:6      | Reached * piety under Vehumet
  8139 | D:6      | Offered knowledge of Freeze by Vehumet.
  8401 | D:6      | Reached skill level 5 in Hexes
  8625 | D:6      | Learned a level 3 spell: Dazzling Spray
  8626 | D:6      | Found a glowing golden altar of the Shining One.
  8686 | D:6      | Found a snail-covered altar of Cheibriados.
  8688 | D:6      | Found a blossoming altar of Fedhas.
  8711 | D:6      | Found a sparkling altar of Nemelex Xobeh.
  8745 | D:7      | Reached skill level 7 in Fighting
  9069 | D:7      | You fall through a shaft for 2 floors!
  9112 | D:9      | Found a white marble altar of Elyvilon.
  9125 | D:9      | Reached skill level 1 in Shields
  9239 | D:8      | Reached ** piety under Vehumet
  9239 | D:8      | Reached skill level 2 in Shields
  9272 | D:8      | Offered knowledge of Sting by Vehumet.
  9277 | D:8      | Reached skill level 3 in Shields
  9454 | D:7      | Reached skill level 4 in Shields
  9581 | D:7      | Reached skill level 8 in Conjurations
  9939 | D:7      | Reached skill level 8 in Spellcasting
  9941 | D:7      | Reached XP level 10. HP: 56/86 MP: 10/22
  9947 | D:7      | Reached skill level 6 in Hexes
 10598 | D:7      | Noticed Joseph
 10623 | D:7      | Killed Joseph
 10623 | D:7      | Reached skill level 8 in Fighting
 11029 | D:7      | Offered knowledge of Static Discharge by Vehumet.
 11846 | D:8      | Found an opulent altar of Gozag.
 11935 | D:8      | Found Pocyb's Book Shoppe.
 12014 | D:8      | Upgraded the game from 0.21-a0-400-g417d9d2 to 0.21-a0-401-g0b6bec4
 12018 | D:8      | Found an ancient bone altar of Kikubaaqudgha.
 12159 | D:8      | Noticed a two-headed ogre
 12172 | D:8      | Killed a two-headed ogre
 12172 | D:8      | Reached *** piety under Vehumet
 12172 | D:8      | Reached skill level 9 in Spellcasting
 12172 | D:8      | Reached skill level 9 in Conjurations
 12194 | D:8      | Bought a book of Minor Magic for 200 gold pieces
 12197 | D:8      | Learned a level 2 spell: Blink
 12541 | D:9      | Reached skill level 1 in Translocations
 12841 | D:9      | Found a staircase to the Lair.
 12891 | D:9      | Found a shimmering altar of Xom.
 13022 | D:9      | Learned a level 4 spell: Force Lance
 13031 | D:10     | Entered Level 10 of the Dungeon
 13182 | D:10     | Reached skill level 9 in Fighting
 13262 | D:10     | Found a staircase to the Orcish Mines.
 13440 | D:10     | Reached skill level 2 in Translocations
 13974 | D:10     | Offered knowledge of Ignite Poison by Vehumet.
 14892 | D:11     | Killed an unseen horror
 14892 | D:11     | Reached skill level 3 in Translocations
 14892 | D:11     | Reached XP level 11. HP: 93/97 MP: 7/24
 15068 | D:11     | Noticed a five-headed hydra
 15078 | D:11     | Killed a five-headed hydra
 15358 | D:11     | Reached skill level 10 in Spellcasting
 15488 | D:11     | Reached **** piety under Vehumet
 15650 | D:11     | Noticed a seven-headed hydra
 15931 | D:11     | Killed a seven-headed hydra
 15931 | D:11     | Reached skill level 10 in Conjurations
 15931 | D:11     | Reached skill level 4 in Translocations
 16063 | D:11     | Noticed Erolcha
 16067 | D:11     | Killed Erolcha
 16067 | D:11     | Reached skill level 10 in Fighting
 16079 | D:11     | Noticed a cyan ugly thing
 16483 | D:11     | Found a roughly hewn altar of Beogh.
 16629 | D:12     | Offered knowledge of Sticky Flame by Vehumet.
 16665 | D:12     | Learned a level 4 spell: Cause Fear
 17027 | D:11     | Killed a cyan ugly thing
 17150 | D:12     | Reached skill level 5 in Translocations
 17299 | D:12     | Noticed a cyan ugly thing
 17299 | D:12     | Noticed a two-headed ogre
 17306 | D:12     | Noticed a green ugly thing
 17314 | D:12     | Killed a two-headed ogre
 17314 | D:12     | Reached skill level 11 in Spellcasting
 17547 | D:12     | Noticed a brown ugly thing
 17552 | D:12     | Killed a brown ugly thing
 17810 | D:11     | Killed a cyan ugly thing
 17810 | D:11     | Reached XP level 12. HP: 88/106 MP: 9/27
 17824 | D:11     | Reached skill level 11 in Conjurations
 17978 | D:12     | Reached skill level 5 in Shields
 18157 | D:12     | Reached ***** piety under Vehumet
 18562 | D:12     | Offered knowledge of Olgreb's Toxic Radiance by Vehumet.
 18833 | Lair:1   | Entered Level 1 of the Lair of Beasts
 19047 | Lair:1   | Reached skill level 6 in Translocations
 19771 | Lair:1   | Reached skill level 12 in Spellcasting
 20401 | Lair:2   | Reached skill level 6 in Shields
 20665 | Lair:2   | Found a staircase to the Snake Pit.
 21125 | Lair:2   | Reached skill level 12 in Conjurations
 21417 | Lair:2   | Wingboner: О, с диспелом.
 21518 | Lair:2   | Wingboner: Себя, кстати, тоже можно.
 21519 | Lair:2   | theanonym: Единственный нормальный цвет дали
 21519 | Lair:2   | theanonym: Начинаешь такой FE и тебе дают -2 к огню
 21546 | Lair:2   | Wingboner: Да ну. Красный или зелёный очень сильно тащат начало, например.
 21553 | Lair:2   | Noticed a queen ant
 21735 | Lair:2   | Killed a queen ant
 21824 | Lair:2   | theanonym: Спеллкастинг +1 и остальные 0
 21824 | Lair:2   | theanonym: Лучший вариант по-моему
 22584 | Lair:2   | theanonym: Я не разобрался в конжурах-хексах-транслокации
 22584 | Lair:2   | theanonym: Не понятно что брать
 22584 | Lair:2   | theanonym: Вроде Mystic Blast основной спелл
 22810 | Lair:3   | Found a labyrinth entrance.
 22823 | Lab      | Entered a labyrinth
 22900 | Lab      | Wingboner: Он неблох по толпам, но без сферы не так чтобы сильно хорош по одной цели. Дорогой.
 22948 | Lab      | Wingboner: (для своего урона)
 22985 | Lab      | theanonym: А что тогда, копьём бить?
 23150 | Lab      | Noticed a minotaur
 23157 | Lab      | Killed a minotaur
 23171 | Lab      | Identified Naxiut's Grimoire of the Traveller
 23177 | Lab      | theanonym: Контролед блинк 8 маны
 23177 | Lab      | theanonym: Потратить половину маны чтобы блинкануться, вот это логика
 23185 | Lab      | Learned a level 7 spell: Orb of Destruction
 23251 | Lair:3   | Reached skill level 7 in Shields
 23251 | Lair:3   | Reached skill level 13 in Spellcasting
 23251 | Lair:3   | Reached XP level 13. HP: 113/113 MP: 30/30
 23265 | Lair:3   | Reached skill level 13 in Conjurations
 23685 | Lair:3   | Reached XP level 14. HP: 121/121 MP: 19/31
 23762 | Lair:3   | Found a staircase to the Shoals.
 24317 | Lair:4   | Noticed Snorg
 24328 | Lair:4   | Killed Snorg
 24696 | Lair:4   | Reached skill level 14 in Spellcasting
 24723 | Lair:4   | Noticed Josephine
 24878 | Lair:4   | Killed Josephine
 25038 | Lair:4   | Reached skill level 8 in Shields
 25041 | Lair:4   | Offered knowledge of Freezing Cloud by Vehumet.
 25046 | Lair:4   | Noticed Spoonicorn's ghost (journeyman MiBe)
 25916 | Lair:4   | Killed Spoonicorn's ghost
 25945 | Lair:4   | Noticed Nessos
 26162 | Lair:4   | Killed Nessos
 27665 | Lair:5   | Reached skill level 14 in Conjurations
 28142 | Lair:6   | Entered Level 6 of the Lair of Beasts
 28987 | Lair:5   | Reached skill level 15 in Spellcasting
 29521 | Lair:6   | Reached skill level 9 in Shields
 30021 | Lair:6   | Found a runed door.
 30025 | Lair:6   | Found a viscous altar of Jiyva.
 30025 | Lair:6   | Found a staircase to the Slime Pits.
 30025 | Lair:6   | Noticed an acid blob
 30025 | Lair:6   | Noticed an acid blob
 30026 | Lair:6   | Noticed an acid blob
 30881 | Lair:6   | Found a burning altar of Makhleb.
 30887 | Lair:6   | Found a gateway to Hell.
 30890 | Lair:6   | Reached XP level 15. HP: 116/126 MP: 34/34
 31933 | Orc:1    | Entered Level 1 of the Orcish Mines
 32298 | Orc:1    | Reached skill level 15 in Conjurations
 32606 | Orc:1    | Offered knowledge of Conjure Ball Lightning by Vehumet.
 33015 | Orc:2    | Entered Level 2 of the Orcish Mines
 33381 | Orc:2    | Reached skill level 7 in Hexes
 33873 | Orc:2    | Reached skill level 10 in Shields
 34033 | Orc:2    | Reached skill level 16 in Spellcasting
 34283 | Orc:2    | Noticed Donald
 34290 | Orc:2    | Killed Donald
 34354 | Orc:2    | Learned a level 6 spell: Invisibility
 34726 | Orc:2    | Found Pyffarec's Armour Shop.
 34726 | Orc:2    | Found Dajibuup's Antique Armour Shoppe.
 35040 | Orc:2    | Found Feza's Magic Scroll Shoppe.
 35040 | Orc:2    | Found Poetisym's Magic Scroll Shop.
 35101 | Orc:2    | Bought a scroll of teleportation for 30 gold pieces
 35101 | Orc:2    | Bought a scroll of blinking for 75 gold pieces
 35101 | Orc:2    | Bought a scroll of magic mapping for 35 gold pieces
 35196 | Orc:2    | Bought 3 scrolls of fog for 90 gold pieces
 35196 | Orc:2    | Bought a scroll of teleportation for 45 gold pieces
 35196 | Orc:2    | Bought a scroll of magic mapping for 52 gold pieces
 35219 | Orc:2    | Found a roughly hewn altar of Beogh.
 35503 | Orc:2    | Found a staircase to the Elven Halls.
 35692 | Orc:2    | Reached skill level 8 in Hexes
 37103 | D:13     | Wingboner: Контрольный блинк действительно дорогой, но очень, очень эффективный. А по заклинаниям... Дампани, гляну, что там у тебя есть.
 37140 | D:13     | Wingboner: Просто кинь дамп.
 37140 | D:13     | Wingboner: #
 37140 | D:13     | theanonym: Блинк используешь когда тебя бьют и мана закончилась
 37140 | D:13     | Wingboner: Ну кагбе раньше думать надо.
 37140 | D:13     | theanonym: Надо было брать сиф муну, там бесплатно можно
 37492 | D:13     | Wingboner: Тебе надо было сразу учить сферу, как только нашёл.
 37494 | D:13     | Wingboner: battlesphere
 37494 | D:13     | theanonym: В леире нашёл
 37494 | D:13     | theanonym: А, другая
 37494 | D:13     | Wingboner: Она в начале игры жуткая имба.
 37494 | D:13     | Wingboner: И даже в середине неплоха.
 37494 | D:13     | theanonym: Дракон толстый, начало вообще не почуствовал
 37494 | D:13     | Wingboner: По сути за тобой летает шарик, и когда ты кастуешь точечное заклинание — добавляет свой выстрел туда же.
 37494 | D:13     | Wingboner: Халявный +урон.
 37494 | D:13     | Wingboner: Сервитора тоже бери.
 37494 | D:13     | Wingboner: Это просто пет, который кастует твои заклинания сам.
 37494 | D:13     | theanonym: Раньше брал, он какой-то слабый
 37494 | D:13     | theanonym: Редко кастует
 37500 | D:13     | Learned a level 5 spell: Iskenderun's Battlesphere
 37640 | D:13     | Wingboner: Нормально он кастует, особенно если у тебя есть сфера разрушения, он её очень любит. Или облако ледяное, им тоже отлично спамит.
 37710 | D:13     | theanonym: Надо будет почистить спеллы чтобы он хорошие брал
 37789 | D:14     | Wingboner: Всё, у сферы села батарейка.
 37883 | D:14     | Noticed Sonja
 37884 | D:14     | Wingboner: Кураре по сфере ,,,^..^,,,
 37890 | D:14     | Wingboner: Кстати, сфера не перекрывает выстрел твой.
 37892 | D:14     | Wingboner: Он насквозь летит.
 37893 | D:14     | Killed Sonja
 38025 | D:14     | Wingboner: Так что от не слишком сильного урона можно ею прикрываться и стрелять из-за неё.
 38031 | D:14     | Reached skill level 9 in Hexes
 38662 | D:14     | theanonym: Все орбы в стены летят
 38757 | D:14     | Offered knowledge of Bolt of Draining by Vehumet.
 39478 | D:14     | Reached XP level 16. HP: 108/134 MP: 21/36
 39613 | D:14     | Found a gate to the Vaults.
 39707 | D:15     | Entered Level 15 of the Dungeon
 39716 | D:15     | Reached skill level 10 in Hexes
 40018 | D:15     | MrVivor: А почему ты дракон то?
 40019 | D:15     | MrVivor: а, драконорожденный вырос?
 40019 | D:15     | theanonym: Тайл поменял
 40019 | D:15     | theanonym: crawl.setopt("tile_player_tile=mons: Xtahua")
 40025 | D:15     | Reached skill level 11 in Shields
 40026 | D:15     | theanonym: Так зря я на д15 полез
 40033 | D:15     | MrVivor: т.е. ты просто иконку сменил, а на самом деле ты кто?
 40037 | D:15     | theanonym: Фиолетовый драконоид
 40323 | D:10     | theanonym: Почему драконы не умеют летать
 40323 | D:10     | theanonym: Как вот в шоалсы идти
 41304 | D:15     | Found a staircase to the Depths.
 42129 | Snake:1  | Entered Level 1 of the Snake Pit
 42319 | Snake:1  | Reached skill level 11 in Hexes
 42470 | Snake:1  | theanonym: Без резистов и без полёта мда
 42528 | Snake:1  | Noticed Kite's ghost (adept MiBe)
 42553 | Snake:1  | Killed Kite's ghost
 42787 | Snake:1  | Reached skill level 16 in Conjurations
 43277 | Snake:1  | Reached skill level 17 in Spellcasting
 43847 | Snake:1  | Offered knowledge of Ozocubu's Refrigeration by Vehumet.
 44693 | Snake:2  | Reached skill level 7 in Translocations
 44890 | Snake:2  | Gained mutation: You are frail. (-10% HP) [mutagenic glow]
 44987 | Snake:2  | Gained mutation: Your spells are a little easier to cast, but a little less powerful. [mutagenic glow]
 45083 | Snake:2  | Gained mutation: You are very frail. (-20% HP) [mutagenic glow]
 45166 | Snake:2  | Gained mutation: You expend magic power (3 MP) to strengthen your wands. [mutagenic glow]
 45199 | Snake:2  | Reached skill level 12 in Shields
 45445 | Snake:2  | Found Ziacsom's Gadget Boutique.
 45697 | Snake:2  | Noticed Aizul
 45716 | Snake:2  | HP: 9/107 [Aizul/bolt of poison (8)]
 45723 | Snake:2  | Mangled by Aizul

Vault maps used:
D:1:      evilmike_arrival_fibonacci_small, minmay_tetromino_l2
D:2:      first_bread, uniq_crazy_yiuf_cottage, uniq_sigmund
D:3:      lemuel_coloured_pillars_altar
D:5:      minmay_temple_entry_grid, nicolae_ossuary_entry_giza, minivault_26
D:6:      nicolae_overflow_hidden_temple, basic_altar, lemuel_another_geyser
D:7:      grunt_livestock, uniq_joseph
D:8:      marbit_many_paths, kennysheep_mini, serial_shops, shop
D:9:      xom_confusion_cloud, elyvilon_altar_5, minmay_lair_entry_lava
D:10:     orc_david_3
D:11:     special_room, hex_tiny, uniq_erolcha
D:12:     wad_floor_pattern_untrapped, due_unseen_surprise
D:14:     david_vaults_4, minmay_misc_feat_roman, uniq_sonja
D:15:     hangedman_depths_entry_try_elsewhere_first, minmay_misc_feat_five,
          st_stairs_3, lightli_fourway_metalbox
Temple:   nicolae_temple_god_jail
Lair:1:   cheibrodos_lair_caveside_slide, minmay_lair_oklob_bushes
Lair:2:   minmay_snake_entry_guardpost_small, minmay_another_anthill
Lair:3:   minmay_shoals_entry_beasts, lab_entry_generic, st_stairs_6,
          grunt_megastairs_2
Lair:4:   grunt_forest_large_clearing_hut, uniq_nessos, uniq_snorg,
          uniq_josephine
Lair:5:   lemuel_fruit_fields
Lair:6:   evil_forest, slime_altar_2, eino_small_chamber_without_monster,
          cheibrodos_lair_lostbears
Snake:2:  serial_shops, nicolae_shop_behind_doors, uniq_aizul
Orc:1:    lemuel_ogre_cave, chequers_guarded_unrand_ignorance
Orc:2:    st_orc_town, uniq_donald
Lab:      nicolae_lab_dead_adventurers, labyrinth_skeletal_remains,
          lab_fountain, nicolae_lab_lava, nicolae_lab_very_dead_end,
          nicolae_lab_hexagon, nicolae_lab_statue
Ossuary:  ossuary_minmay_scorpions

Skill      XL: |  1  2  3  4  5  6  7  8  9 10 11 12 13 14 15 16 |
---------------+-------------------------------------------------+-----
Fighting       | 1 3 4 5 6 7 9 10 | 10.1
Spellcasting   | 3 5 7 8 9 11 13 15 16 17 | 17.3
Conjurations   | 5 6 7 8 9 10 12 13 14 15 16 | 16.4
Dodging        | 2 3 |  3.0
Hexes          | 2 4 5 6 9 11 | 11.4
Shields        | 4 7 9 10 12 | 12.0
Translocations | 3 5 6 7 |  7.3
Stealth        | |  1.7

Action                   |  1- 3 |  4- 6 |  7- 9 | 10-12 | 13-15 | 16-18 || total
-------------------------+-------+-------+-------+-------+-------+-------++-------
Melee: Unarmed           |    29 |       |       |       |       |       ||    29
       Club              |    22 |       |       |       |       |       ||    22
       Tailslap          |    11 |     7 |    60 |    33 |    16 |       ||   127
       Dagger            |   114 |   142 |   419 |   236 |    70 |       ||   981
       Staff             |       |       |       |       |    26 |     3 ||    29
 Cast: Magic Dart        |    33 |    28 |    77 |   157 |     5 |       ||   300
       Searing Ray       |     9 |     6 |    17 |    19 |       |       ||    51
       Iskenderun's Myst |       |     1 |    29 |   326 |   518 |   176 ||  1050
       Fulminant Prism   |       |       |     3 |    28 |    29 |     1 ||    61
       Dazzling Spray    |       |       |     1 |     9 |     1 |       ||    11
       Force Lance       |       |       |       |    28 |    45 |    15 ||    88
       Blink             |       |       |       |     6 |    16 |    18 ||    40
       Orb of Destructio |       |       |       |       |   164 |    70 ||   234
       Cause Fear        |       |       |       |       |     3 |     2 ||     5
       Iskenderun's Batt |       |       |       |       |    18 |    58 ||    76
       Invisibility      |       |       |       |       |       |    12 ||    12
 Abil: Breathe Dispellin |       |       |     1 |    10 |     6 |     2 ||    19
  Use: Potion            |     4 |     3 |       |     2 |       |     7 ||    16
       Scroll            |     4 |       |     7 |    14 |     3 |     6 ||    34
 Stab: Sleeping          |     4 |     5 |     4 |     1 |       |       ||    14
       Distracted        |       |       |     2 |       |       |       ||     2
  Eat: Chunk             |     7 |     3 |    10 |    27 |    68 |     8 ||   123
       Meat ration       |       |     1 |     1 |     2 |     3 |     7 ||    14
       Bread ration      |       |       |     1 |     6 |     3 |     1 ||    11
       Fruit             |       |       |       |       |    18 |     4 ||    22
       Royal jelly       |       |       |       |       |     2 |       ||     2
Armor: Skin              |    68 |    63 |   206 |   154 |    83 |    47 ||   621
Dodge: Dodged            |   169 |   143 |   413 |   289 |   164 |    63 ||  1241
Block: Buckler           |       |       |    17 |    70 |       |       ||    87
       Shield            |       |       |       |    90 |   245 |   105 ||   440
       Reflection        |       |       |       |       |       |    21 ||    21

Table legend:
 A = Spawn XP
 B = Non-spawn XP
 C = Spawn XP percentage of total XP
 D = Spawn monster count
 E = Non-spawn monster count
 F = Spawn count percentage of total count
 G = Total turns spent on level
                    A         B        C        D         E        F      G
               +---------+---------+-------+---------+---------+-------+---------
         Total |       0 |  185298 |   0.0 |       0 |     885 |   0.0 | 45723
               +---------+---------+-------+---------+---------+-------+---------
           D:1 |       0 |      50 |   0.0 |       0 |      28 |   0.0 |  1738
           D:2 |       0 |     306 |   0.0 |       0 |      22 |   0.0 |  2289
           D:3 |       0 |     304 |   0.0 |       0 |      34 |   0.0 |  1658
           D:4 |       0 |     427 |   0.0 |       0 |      24 |   0.0 |   598
           D:5 |       0 |     589 |   0.0 |       0 |      22 |   0.0 |  1060
           D:6 |       0 |    1243 |   0.0 |       0 |      33 |   0.0 |   875
           D:7 |       0 |    2589 |   0.0 |       0 |      30 |   0.0 |  2209
           D:8 |       0 |    1893 |   0.0 |       0 |      25 |   0.0 |  1017
           D:9 |       0 |    1193 |   0.0 |       0 |      15 |   0.0 |  1068
          D:10 |       0 |    3329 |   0.0 |       0 |      30 |   0.0 |  2480
          D:11 |       0 |    7918 |   0.0 |       0 |      40 |   0.0 |  2374
          D:12 |       0 |    5890 |   0.0 |       0 |      38 |   0.0 |  1513
          D:13 |       0 |    9174 |   0.0 |       0 |      50 |   0.0 |  2072
          D:14 |       0 |   18416 |   0.0 |       0 |      55 |   0.0 |  2077
          D:15 |       0 |   15142 |   0.0 |       0 |      39 |   0.0 |  1727
        Lair:1 |       0 |    4769 |   0.0 |       0 |      21 |   0.0 |  1796
        Lair:2 |       0 |    5628 |   0.0 |       0 |      37 |   0.0 |  2022
        Lair:3 |       0 |    4496 |   0.0 |       0 |      22 |   0.0 |  2591
        Lair:4 |       0 |   11129 |   0.0 |       0 |      28 |   0.0 |  1202
        Lair:5 |       0 |    6067 |   0.0 |       0 |      25 |   0.0 |  2195
        Lair:6 |       0 |   23649 |   0.0 |       0 |      67 |   0.0 |  2898
       Snake:1 |       0 |   20887 |   0.0 |       0 |      37 |   0.0 |  1839
       Snake:2 |       0 |   18622 |   0.0 |       0 |      32 |   0.0 |  1591
         Orc:1 |       0 |    4908 |   0.0 |       0 |      23 |   0.0 |  1218
         Orc:2 |       0 |   14847 |   0.0 |       0 |      80 |   0.0 |  2264
           Lab |       0 |    1131 |   0.0 |       0 |       1 |   0.0 |   364
       Ossuary |       0 |     702 |   0.0 |       0 |      27 |   0.0 |   906
               +---------+---------+-------+---------+---------+-------+---------
